 Dungeon Crawl Stone Soup version 0.14.2 (webtiles) character file.

640 Amnesiac the Ducker (level 6, -1/35 HPs)
             Began as a Spriggan Monk on Feb 11, 2018.
             Slain by Amnesiac's ghost (9 damage)
             ... on Level 5 of the Dungeon.
             The game lasted 00:10:55 (5863 turns).

Amnesiac the Ducker (Spriggan Monk)                 Turns: 5863, Time: 00:10:55

HP  -1/35        AC  2     Str 14      XL: 6   Next: 70%
MP  21/21        EV 21     Int 12      God:
Gold 201         SH  0     Dex 18      Spells:  0 memorised,  5 levels left

rFire  . . .     SeeInvis +       - Unarmed
rCold  . . .     Clarity  .     a - +0 robe
rNeg   . . .     Conserve .     (shield restricted)
rPois  +         rCorr    .     (helmet restricted)
rElec  .         rRot     .     (no cloak)
SustAb . .       Spirit   .     (gloves unavailable)
rMut   .         Warding  .     (boots unavailable)
Saprov . . .     Stasis   .     (no amulet)
MR     +....                    p - ring of magical power
                                r - ring of poison resistance

@: mighty, flying (expiring), very quick, somewhat resistant to hostile
enchantments, stealthy
A: unfitting armour, see invisible, herbivore 3, speed 3, mutation resistance 1,
slow metabolism 2
a: no special abilities


You were on level 5 of the Dungeon.
You were not hungry.

You visited 2 branches of the dungeon, and saw 6 of its levels.

You collected 201 gold pieces.

Inventory:

Missiles
 h - 26 poisoned needles
 q - a poisoned dart (quivered)
 u - 6 needles of paralysis
 v - 8 darts of flame
Armour
 a - a +0 robe (worn)
Magical devices
 w - a wand of digging (8)
Comestibles
 g - an apple
 x - a choko
Scrolls
 d - 3 scrolls of remove curse {!r, unknown}
 j - a scroll of enchant armour {!r, unknown}
 k - a scroll of random uselessness {!r, unknown}
 l - 2 scrolls of teleportation {!r, unknown}
 n - a scroll of blinking {!r, unknown}
 t - a scroll of recharging {!r, unknown}
 y - a scroll of immolation {!r, unknown}
Jewellery
 i - an uncursed ring of positive energy {unknown}
 p - a ring of magical power (right hand)
 r - a ring of poison resistance (left hand)
Potions
 b - a potion of porridge {!q}
 c - a potion of heal wounds {!q}
 f - a potion of might {!q}
 m - a potion of resistance {!q, unknown}
 o - a potion of brilliance {!q}
 s - a potion of curing {!q}


   Skills:
 * Level 4.9 Fighting
 + Level 5.3 Dodging
 - Level 3.0 Stealth
 * Level 4.9 Unarmed Combat


You had 5 spell levels left.
You didn't know any spells.

Dungeon Overview and Level Annotations

Branches:
Dungeon (5/15)             Temple (1/1) D:5

Altars:
Elyvilon
Makhleb
Okawaru
Sif Muna
Trog
Vehumet
Xom
Yredelemnul
The Shining One
Lugonu

Annotations:
D:2 Crazy Yiuf, Terence
D:3 exclusions: orc and orc wizard
D:4 Menkaure
D:5 Amnesiac's ghost, average SpGl


Innate Abilities, Weirdness & Mutations

You are tiny and cannot use many weapons and most armour.
You have supernaturally acute eyesight.
You are a herbivore.
You cover ground extremely quickly.
You need consume almost no food.
You are somewhat resistant to further mutation.


Message History

Really quaff
c - 2 potions of heal wounds {!q}?
You feel much better.
You hit the orc priest.
The orc priest is moderately wounded.
You closely miss the orc priest.
The orc priest is moderately wounded.
The orc priest unwields an uncursed club.
The orc priest drops an uncursed club.
The orc priest picks up a flail.
The orc priest wields a flail.
You hit the orc priest.
The orc priest is severely wounded.
The orc priest misses you.
You punch the orc priest!
You kill the orc priest!
Items here: % ))) [[
Items here: % ))) [[
Okay, then.
A worker ant is nearby!
You punch the worker ant! You punch the worker ant.
The worker ant is severely wounded.
The worker ant misses you.
You punch the worker ant!
The worker ant is almost dead.
The worker ant misses you.
You barely miss the worker ant.
The worker ant is almost dead.
The worker ant closely misses you. The worker ant barely misses you.
You punch the worker ant!
You kill the worker ant!
You barely miss the kobold. The kobold closely misses you.
You hit the kobold but do no damage. You barely miss the kobold.
The kobold misses you.
You closely miss the kobold. The kobold misses you.
You closely miss the kobold. The kobold completely misses you.
You barely miss the kobold. The kobold hits you with a whip.
You punch the kobold!
You kill the kobold!
No target in view!
HP restored.
Amnesiac's ghost is too close now for your liking.
Amnesiac's ghost turns its malevolent gaze towards you.
You see here a whip.
Amnesiac's ghost is nearby!
Amnesiac's ghost closely misses you.
Amnesiac's ghost is nearby!
You closely miss Amnesiac's ghost.
You are starting to lose your buoyancy.
Amnesiac's ghost misses you.
Unknown command.
You miss Amnesiac's ghost. Amnesiac's ghost hits you.
You closely miss Amnesiac's ghost. Amnesiac's ghost hits you!
You miss Amnesiac's ghost.
Amnesiac's ghost hits you but does no damage.
Amnesiac's ghost closely misses you.
You completely miss Amnesiac's ghost. Amnesiac's ghost completely misses you.
You miss Amnesiac's ghost. Amnesiac's ghost hits you.
You miss Amnesiac's ghost. Amnesiac's ghost hits you.
* * * LOW HITPOINT WARNING * * *
You miss Amnesiac's ghost. Amnesiac's ghost closely misses you.
You closely miss Amnesiac's ghost. Amnesiac's ghost barely misses you.
You completely miss Amnesiac's ghost. Amnesiac's ghost hits you!
* * * LOW HITPOINT WARNING * * *
Amnesiac's ghost hits you!
You die...

#.......#.#........#.#
#.......#.#..####..#.#
##.....##.#..#.....#.#
##.%.###.#.......##.#
####'####.##.#.#####.#
(.......#.##.#.# #.# #
.....)..#.##.#.# #.##.##
5.5.....#.##.#.#####.....#
#######.#.##.#.)@p...#####
## ###O.#......#####.#
.###....####.#.# #.#
..##....# #.#.# #.#
..#.....# #.#.# #.#
..#.%..## #.#.# #.#
.##....# #.#.# #.#
###.^### #.#.# #.#
###.########.#.# #.#


You could see Amnesiac's ghost.

Vanquished Creatures
  A giant frog zombie (D:5)
  A hound (D:4)
  A centaur skeleton (D:5)
  An orc priest (D:5)
  An iguana (D:4)
  An orc wizard (D:5)
  5 worker ants
  An adder (D:3)
  A gnoll (D:3)
  2 giant mites
  3 worms
  A shadow imp (D:5)
  2 giant eyeballs (D:4)
  2 oozes (D:4)
  5 orcs
  6 giant cockroaches
  2 hobgoblins (D:3)
  8 kobolds
  2 quokkas
  A ball python (D:2)
  13 bats
  5 giant geckos
  6 giant newts
  8 goblins
  9 rats
88 creatures vanquished.

Notes
Turn   | Place    | Note
--------------------------------------------------------------
     0 | D:1      | Amnesiac, the Spriggan Monk, began the quest for the Orb.
     0 | D:1      | Reached XP level 1. HP: 11/11 MP: 2/2
   156 | D:1      | Reached XP level 2. HP: 10/16 MP: 4/4
   993 | D:2      | Reached XP level 3. HP: 10/19 MP: 6/6
  1219 | D:2      | Noticed Terence
  1682 | D:4      | Noticed Menkaure
  1682 | D:4      | Noticed an ogre
  1816 | D:5      | Entered Level 5 of the Dungeon
  2782 | D:2      | Reached XP level 4. HP: 22/24 MP: 8/8
  2814 | D:2      | Noticed Crazy Yiuf
  3296 | D:3      | Found a deep blue altar of Sif Muna.
  3395 | D:3      | Found a shimmering altar of Xom.
  3816 | D:4      | Paralysed by a giant eyeball for 4 turns
  3823 | D:4      | Paralysed by a giant eyeball for 2 turns
  3831 | D:4      | Reached XP level 5. HP: 16/29 MP: 10/10
  4166 | D:4      | Paralysed by a giant eyeball for 3 turns
  4730 | D:5      | Found a burning altar of Makhleb.
  4732 | D:5      | Noticed a green death
  4805 | D:5      | Noticed an ogre
  4806 | D:5      | Noticed an ice beast
  4835 | D:5      | Noticed a scorpion
  4835 | D:5      | Noticed Amnesiac's ghost (average SpGl)
  5038 | D:5      | Found a staircase to the Ecumenical Temple.
  5054 | Temple   | Entered the Ecumenical Temple
  5104 | D:5      | Gained mutation: You are somewhat resistant to further mutation. [potion of beneficial mutation]
  5207 | D:5      | Reached XP level 6. HP: 26/34 MP: 12/12
  5487 | D:5      | Reached skill level 5 in Dodging
  5863 | D:5      | Slain by Amnesiac's ghost

Action                   |  1- 3 |  4- 6 || total
-------------------------+-------+-------++-------
Melee: Unarmed           |   198 |   228 ||   426
Throw: Dart              |       |    23 ||    23
Evoke: Wand              |       |     1 ||     1
  Use: Scroll            |       |     3 ||     3
       Potion            |       |     5 ||     5
 Stab: Sleeping          |     9 |     8 ||    17
       Distracted        |       |     1 ||     1
